 Dungeon Crawl Stone Soup version 0.28-a0-1567-g1695149f81 (webtiles) character file.

Game seed: 17084005670056746939

795 riojii the Insei (level 7, -2/46 HPs)
             Began as an Octopode Transmuter on Jan 19, 2022.
             Was an Initiate of Makhleb.
             Succumbed to a scorpion's poison
             ... on level 5 of the Dungeon.
             The game lasted 00:10:47 (7491 turns).

riojii the Insei (Octopode Transmuter)              Turns: 7491, Time: 00:10:47

Health: -2/46      AC:  1    Str:  9    XL:     7   Next: 89%
Magic:  8/11       EV: 14    Int: 16    God:    Makhleb [......]
Gold:   126        SH:  0    Dex: 14    Spells: 5/12 levels left

rFire   . . .      SeeInvis .     - Unarmed
rCold   . . .      Faith    .   (no shield)
rNeg    . . .      Spirit   .   (helmet restricted)
rPois   .          Reflect  .   (no amulet)
rElec   .          Harm     .   e - ring of wizardry
rCorr   .          Rampage  .   (no ring)
Will    .....                   (no ring)
Stlth   ++........              (no ring)
HPRegen 0.15/turn               (no ring)
MPRegen 0.12/turn               (no ring)
                                (no ring)
                                (no ring)

@: lethally poisoned (-2 -> -14)
A: almost no armour, amphibious, 8 rings, camouflage 1, gelatinous body 1,
(nimble swimmer 1), tentacles
a: Renounce Religion


You were on level 5 of the Dungeon.
You worshipped Makhleb.
Makhleb was noncommittal.
You visited 2 branches of the dungeon, and saw 6 of its levels.

You collected 126 gold pieces.

Inventory:

Missiles
 m - 4 poisoned darts
 n - 3 curare-tipped darts
Jewellery
 d - an amulet of faith
 e - a ring of wizardry (left tentacle)
 l - the amulet of Owebuthi {Acrobat Contam Dex+7}
   (You found it on level 4 of the Dungeon)

   [amulet of the acrobat]

   It increases your evasion while moving and waiting.
   Dex:       It affects your dexterity (+7).
   Contam:    It causes magical contamination when unequipped.
Wands
 a - a wand of flame (19) (quivered)
 o - a wand of paralysis (7)
Scrolls
 f - a scroll of noise
 i - 2 scrolls of identify
 j - a scroll of blinking {unknown}
 k - a scroll of enchant armour {unknown}
Potions
 b - a potion of brilliance {unknown}
 c - 2 potions of curing
 g - a potion of mutation {unknown}
 h - 2 potions of magic {unknown}


   Skills:
 + Level 3.0 Fighting
 + Level 3.6 Dodging
 * Level 5.3 Unarmed Combat
 + Level 3.2 Spellcasting
 * Level 4.7 Transmutations
 * Level 1.7 Ice Magic
 - Level 1.0 Poison Magic


You had 5 spell levels left.
You knew the following spells:

 Your Spells              Type           Power      Damage    Failure   Level
a - Ice Form              Ice/Tmut       12%        N/A       19%         4
b - Spider Form           Tmut/Pois      11%        N/A       7%          3

Your spell library contained the following spells:

 Spells                   Type           Power      Damage    Failure   Level
 Beastly Appendage        Tmut           34%        N/A       1%          1
 Wereblood                Tmut           17%        N/A       1%          2


Dungeon Overview and Level Annotations

Branches:
Dungeon (5/15)             Temple (1/1) D:4

Altars:
Dithmenos
Elyvilon
Gozag
Hepliaklqana
Kikubaaqudgha
Makhleb
Nemelex Xobeh
Okawaru
Qazlal
Ru
Sif Muna
Trog
Uskayaw
Vehumet
Xom
Yredelemnul
Zin

Annotations:
D:3 3 runed translucent doors, sirJeffrey23's ghost, amateur HuMo


Innate Abilities, Weirdness & Mutations

You cannot wear most types of armour.
You are amphibious.
You can wear up to eight rings at the same time.
Your skin changes colour to match your surroundings (Stealth+).
Your rubbery body absorbs attacks. (AC +1, EV +1)
((You are camouflaged when in or above water. (Stealth+)))
You have tentacles for arms and can constrict up to eight enemies at once.


Message History

You feel very sick. The scorpion barely misses you.
You closely miss the scorpion. Your grab misses the scorpion.
You squeeze the scorpion!
The scorpion is heavily wounded.
You feel sick. The scorpion stings you. x2
You barely miss the scorpion. You grab the scorpion.
You squeeze the scorpion, but do no damage.
The scorpion is heavily wounded.
You constrict the scorpion.
You feel sick. The scorpion stings you!
You tentacle-slap the scorpion but do no damage.
The scorpion is severely wounded.
You constrict the scorpion.
You feel sick. The scorpion stings you!
You release your grip on the scorpion.
You feel sick.
You feel sick.
You feel sick.
There is a stone staircase leading up here.
Aiming: Throw Flame
Press: ? - help, Q - select action, (/) - cycle Shift-Dir - straight line, f - scorpion
Aim: a scorpion (severely wounded, 68% to hit)
The puff of flame hits the scorpion.
The scorpion is almost dead.
You feel sick. The scorpion completely misses you.
Your magical contamination has completely faded away.
Aiming: Throw Flame
Press: ? - help, Q - select action, (/) - cycle Shift-Dir - straight line, f/p - scorpion
Aim: a scorpion (almost dead, 68% to hit)
The puff of flame hits the scorpion.
The scorpion is almost dead.
You feel sick. The scorpion completely misses you. The scorpion stings you!
* * * LOW HITPOINT WARNING * * *
You are more poisoned.
The scorpion poisons you!
Aiming: Throw Flame
Press: ? - help, Q - select action, (/) - cycle Shift-Dir - straight line, f/p - scorpion
Aim: a scorpion (almost dead, 68% to hit)
The puff of flame hits the scorpion.
You kill the scorpion!
Makhleb accepts your kill.
You die...

...#####.####..###.#. ...#
#.# ##.## ...# #.#
#..##.#.# ...#
#.######.##.#.# ...#
#.#.......#.#.# ...#
#(#.####..#)#.##
...#####.#.#.....#.#..
.......#.#.#.##..#.#.#
....##.#.#.#....@#.#.######
....##.#.#.#####...(.).....
....##.#.#........##.######
....##>............#.#
....####.#######.#.#.#
.........# ..#...#
#...###### ####...# #####
...# ##>#


There were no monsters in sight!

Vanquished Creatures
  A black bear (D:4)
  An ogre (D:4)
  The ghost of sizableburger the Gusty, an amateur PaAE of Fedhas (D:4)
  A bullfrog (D:4)
  2 scorpions (D:5)
  A howler monkey (D:4)
  2 hounds
  2 iguanas (D:4)
  A hound zombie (D:3)
  4 gnolls (D:4)
  12 adders
  An ufetubus (D:4)
  An adder skeleton (D:4)
  3 worms
  5 dart slugs
  An orc (D:3)
  9 ball pythons
  4 endoplasms
  2 giant cockroaches
  5 goblins
  6 hobgoblins
  9 jackals
  12 kobolds
  4 quokkas
  A ball python zombie (D:3)
  6 bats
  4 frilled lizards
  7 rats
108 creatures vanquished.

Notes
Turn   | Place    | Note
-------+----------+-------------------------------------------
     0 | D:1      | riojii the Octopode Transmuter began the quest for the Orb.
     0 | D:1      | Reached XP level 1. HP: 13/13 MP: 3/3
   370 | D:1      | Reached XP level 2. HP: 18/18 MP: 3/5
   644 | D:1      | Found a faded altar of an unknown god.
   712 | D:1      | Reached XP level 3. HP: 13/23 MP: 6/6
  1979 | D:2      | Reached XP level 4. HP: 27/28 MP: 5/7
  2299 | D:2      | Found the +3 Elemental Staff {rElec rF++ rC++ AC+5}
  2710 | D:2      | Learned a level 3 spell: Spider Form
  2861 | D:3      | Reached XP level 5. HP: 33/34 MP: 6/8
  2931 | D:3      | Found an iron altar of Okawaru.
  2938 | D:3      | Reached skill level 4 in Unarmed Combat
  3239 | D:3      | Found a runed translucent gate.
  3239 | D:3      | Found a runed translucent gate.
  3239 | D:3      | Found a runed translucent gate.
  3239 | D:3      | Noticed sirJeffrey23's ghost (amateur HuMo)
  3242 | D:3      | Found a basalt altar of Yredelemnul.
  3861 | D:3      | Found an opulent altar of Gozag.
  4446 | D:4      | Noticed a black bear
  4456 | D:4      | Killed a black bear
  4457 | D:4      | Reached skill level 1 in Poison Magic
  4457 | D:4      | Reached XP level 6. HP: 19/40 MP: 6/10
  5109 | D:4      | Reached XP level 7. HP: 45/45 MP: 7/11
  5252 | D:4      | Found a staircase to the Ecumenical Temple.
  5296 | D:4      | Found a runed translucent door.
  5757 | D:4      | Learned a level 4 spell: Ice Form
  5778 | D:4      | Noticed sizableburger's ghost (amateur PaAE)
  5902 | D:4      | Identified the amulet of Owebuthi {Acrobat Contam Dex+7}
  6128 | D:4      | Reached skill level 5 in Unarmed Combat
  6433 | Temple   | Entered the Ecumenical Temple
  6664 | Temple   | Became a worshipper of Makhleb the Destroyer
  6978 | D:4      | Killed sizableburger's ghost
  6979 | D:4      | Reached skill level 1 in Ice Magic
  7111 | D:5      | Entered Level 5 of the Dungeon
  7490 | D:5      | HP: 1/46 [scorpion (9)]
  7491 | D:5      | Succumbed to a scorpion's poison

Illustrated notes

Levels and vault maps discovered:
D:1:      tarquinn_simple_flora_water_b, layout_loops_ring,
          basic_ecumenical_altar, minivault_19
D:2:      layout_rooms, serial_glass, glass_columns_a, glass_columns_c
D:3:      layout_basic, okawaru_ov_weapons_minmay,
          nicolae_yredelemnul_ghost_church, grunt_gozag_statues
D:4:      layout_layer_cave, minmay_temple_entry_sparse_star,
          ebering_ghost_sewer_d
D:5:      layout_basic, roderic_lattice_a, hangedman_glass_teeth
Temple:   dpeg_chambers_temple

Skill      XL: |  1  2  3  4  5  6  7 |
---------------+----------------------+-----
Transmutations | 3 4 |  4.7
Unarmed Combat | 4 5 |  5.3
Fighting       | 2 3 |  3.0
Dodging        | 3 |  3.6
Poison Magic   | 1 |  1.0
Spellcasting   | 3 |  3.2
Ice Magic      | 1 |  1.7

Action                   |  1- 3 |  4- 6 |  7- 9 || total
-------------------------+-------+-------+-------++-------
Melee: Unarmed           |    66 |   125 |    77 ||   268
       Constrict         |    21 |    26 |     2 ||    49
       Kick              |     9 |    20 |       ||    29
       Tentacles         |    14 |    17 |     3 ||    34
       Punch             |     1 |     5 |       ||     6
 Cast: Beastly Appendage |    11 |    25 |       ||    36
       Spider Form       |       |     9 |    19 ||    28
       Ice Form          |       |       |     1 ||     1
Evoke: Wand              |       |     3 |     3 ||     6
  Use: Potion            |     2 |       |       ||     2
       Scroll            |     1 |     5 |       ||     6
 Stab: Sleeping          |     3 |     8 |     1 ||    12
Armor: Skin              |     4 |     8 |     3 ||    15
Dodge: Dodged            |    39 |    71 |    56 ||   166

Table legend: (Time is in decaauts)
 A = Elapsed time spent in this place.
 B = Non-inter-level travel time spent in this place.
 C = Inter-level travel time spent in this place.
 D = Time resting spent in this place.
 E = Time spent auto-exploring this place.
 F = Levels seen in this place.
 G = Mean time per level.
                   A        B        C        D        E       F      G
               +--------+--------+--------+--------+--------+-----+--------+
         Total |   7474 |   7330 |    144 |    972 |   5367 |   6 | 1245.7 |
       Dungeon |   7229 |   7116 |    113 |    972 |   5168 |   5 | 1445.8 |
        Temple |    244 |    213 |     31 |      0 |    199 |   1 |  244.0 |
               +--------+--------+--------+--------+--------+-----+--------+

Top non-repeatable levels by time:
     D:4: 2479 daAuts
     D:1: 1706 daAuts
     D:3: 1657 daAuts
     D:2: 1008 daAuts
     D:5: 378 daAuts
  Temple: 244 daAuts
